TOP OF THE 1ST |
Lansing Lugnuts batting - Pitching for Clinton LumberKings : RHP Kyle Wood
|
Pitching: RHP Kyle Wood
|
|
Batting: RHB Finn Ross
|
0-0: Ball 1-0: Ground out 6-3 (Groundball, 6, EV 91.2 MPH)
|
Batting: RHB Darren McCarty Jr.
|
0-0: Ball 1-0: Ball 2-0: Called Strike 2-1: Ball 3-1: Foul Ball, location: 2F 3-2: Fly out, F4 (Line Drive, 4, EV 67.5 MPH)
|
Batting: LHB David Ramirez
|
0-0: Ball 1-0: Ground out 5-3 (Groundball, 56, EV 107.5 MPH)
|
Top of the 1st over - 0 runs, 0 hits, 0 errors, 0 left on base; Lansing 0 - Clinton 0 |
BOTTOM OF THE 1ST |
Clinton LumberKings batting - Pitching for Lansing Lugnuts : RHP Edward Saunders
|
Pitching: RHP Edward Saunders
|
|
Batting: RHB Rick Ellis
|
0-0: Called Strike 0-1: Swinging Strike 0-2: Strikes out swinging
|
Batting: RHB Joe Stading
|
0-0: Called Strike 0-1: SINGLE (Groundball, 3D, EV 103.8 MPH)
|
Batting: LHB Jason Hopkins
|
0-0: Called Strike 0-1: Swinging Strike 0-2: Ball 1-2: Fly out, F8 (Line Drive, 8LM, EV 106.9 MPH)
|
Batting: RHB Josh Ruhl
|
0-0: Ball 1-0: SINGLE (Groundball, 34D, EV 94.4 MPH) Joe Stading to second Runner from 2nd tries for 3rd, SAFE, throw by RF made to third
|
Batting: LHB Jawad Fahad
|
0-0: Ball 1-0: Ball 2-0: Swinging Strike 2-1: Swinging Strike 2-2: Strikes out swinging
|
Bottom of the 1st over - 0 runs, 2 hits, 0 errors, 2 left on base; Lansing 0 - Clinton 0 |
TOP OF THE 2ND |
Lansing Lugnuts batting - Pitching for Clinton LumberKings : RHP Kyle Wood
|
Batting: RHB Takanibu Kaneshiro
|
0-0: Swinging Strike 0-1: Called Strike 0-2: Ground out 2-3 (Groundball, 13S, EV 70.0 MPH)
|
Batting: LHB Dan Martinez
|
0-0: SINGLE (Line Drive, 9S, EV 101.9 MPH)
|
Batting: RHB Ivan Ramirez
|
0-0: Ball Dan Martinez steals 2nd base 1-0: Called Strike 1-1: Ground out 4-3 (Groundball, 4, EV 86.9 MPH) Dan Martinez to third
|
Batting: LHB Roger Escareno
|
0-0: Called Strike 0-1: Fly out, F6 (Line Drive, 6, EV 65.6 MPH)
|
Top of the 2nd over - 0 runs, 1 hit, 0 errors, 1 left on base; Lansing 0 - Clinton 0 |
BOTTOM OF THE 2ND |
Clinton LumberKings batting - Pitching for Lansing Lugnuts : RHP Edward Saunders
|
Batting: SHB Jose Castillo
|
0-0: Called Strike 0-1: Called Strike 0-2: Ball 1-2: Foul Ball, location: 2F 1-2: Foul Ball, location: 2F 1-2: Strikes out swinging
|
Batting: RHB Josh O'Neal
|
0-0: Swinging Strike 0-1: Swinging Strike 0-2: Ball 1-2: Ground out 5-3 (Groundball, 56, EV 105.0 MPH)
|
Batting: RHB Salvador Avina
|
0-0: Ball 1-0: Ball 2-0: Foul Ball, location: 2F 2-1: Swinging Strike 2-2: Fly out, F8 (Line Drive, 8RD, EV 90.6 MPH)
|
Bottom of the 2nd over - 0 runs, 0 hits, 0 errors, 0 left on base; Lansing 0 - Clinton 0 |
TOP OF THE 3RD |
Lansing Lugnuts batting - Pitching for Clinton LumberKings : RHP Kyle Wood
|
Batting: RHB Corey Davis
|
0-0: SINGLE (Line Drive, 78M, EV 100.0 MPH)
|
Batting: RHB Luis Reyes
|
0-0: Ball 1-0: Foul Ball, location: 2F 1-1: Ball 2-1: Called Strike 2-2: Ball Corey Davis steals 2nd base (no throw) 3-2: Foul Ball, location: 2F 3-2: DOUBLE (Flyball, 8LXD, EV 99.4 MPH) Corey Davis scores
|
Batting: RHB Finn Ross
|
0-0: Called Strike 0-1: Called Strike 0-2: Ball 1-2: Ground out 5-3 (Groundball, 5S, EV 72.5 MPH) Luis Reyes to third
|
Batting: RHB Darren McCarty Jr.
|
0-0: Ball 1-0: Ball 2-0: Ball 3-0: Base on Balls
|
Batting: LHB David Ramirez
|
0-0: Ball Darren McCarty Jr. steals 2nd base 1-0: Ball 2-0: Swinging Strike 2-1: Ground out 4-3 (Groundball, 4M, EV 80.0 MPH) Luis Reyes scores Darren McCarty Jr. to third
|
Batting: RHB Takanibu Kaneshiro
|
0-0: Ball 1-0: Ball 2-0: Called Strike 2-1: Ball 3-1: Ground out 4-3 (Groundball, 4, EV 104.4 MPH)
|
Top of the 3rd over - 2 runs, 2 hits, 0 errors, 1 left on base; Lansing 2 - Clinton 0 |
BOTTOM OF THE 3RD |
Clinton LumberKings batting - Pitching for Lansing Lugnuts : RHP Edward Saunders
|
Batting: LHB Brian Butler
|
0-0: Ball 1-0: Foul Ball, location: 2F 1-1: Ball 2-1: SINGLE (Groundball, 4M, EV 108.1 MPH) (infield hit)
|
Batting: RHB Rick Ellis
|
0-0: Ball 1-0: Ball 2-0: Called Strike 2-1: Ball 3-1: Called Strike 3-2: Foul Ball, location: 2F 3-2: Foul Ball, location: 2F 3-2: Strikes out swinging Brian Butler is caught stealing 2nd base 2-4 Batter strikes out.
|
Batting: RHB Joe Stading
|
0-0: Foul Ball, location: 2F 0-1: TRIPLE (Flyball, 89XD, EV 105.0 MPH)
|
Batting: LHB Jason Hopkins
|
0-0: Called Strike 0-1: Ball 1-1: Swinging Strike 1-2: Strikes out looking
|
Bottom of the 3rd over - 0 runs, 2 hits, 0 errors, 1 left on base; Lansing 2 - Clinton 0 |
TOP OF THE 4TH |
Lansing Lugnuts batting - Pitching for Clinton LumberKings : RHP Kyle Wood
|
Batting: LHB Dan Martinez
|
0-0: Ball 1-0: Ball 2-0: Ball 3-0: Called Strike 3-1: Called Strike 3-2: Base on Balls
|
Batting: RHB Ivan Ramirez
|
0-0: Ball Dan Martinez steals 2nd base 1-0: DOUBLE (Line Drive, 9LM, EV 105.0 MPH) Dan Martinez scores
|
Batting: LHB Roger Escareno
|
0-0: Foul Ball, location: 2F 0-1: Swinging Strike 0-2: Ground out 6-3 (Groundball, 6, EV 88.1 MPH)
|
Batting: RHB Corey Davis
|
0-0: SINGLE (Groundball, 6MD, EV 100.6 MPH) Ivan Ramirez to third
|
Batting: RHB Luis Reyes
|
0-0: Called Strike Corey Davis steals 2nd base (no throw) 0-1: Ball 1-1: DOUBLE (Flyball, 89XD, EV 111.2 MPH) Ivan Ramirez scores Corey Davis scores
|
Batting: RHB Finn Ross
|
0-0: Called Strike 0-1: Called Strike 0-2: Ball 1-2: Foul Ball, location: 2F 1-2: Ball 2-2: Foul Ball, location: 2F 2-2: Ground out 5-3 (Groundball, 56, EV 89.4 MPH)
|
Batting: RHB Darren McCarty Jr.
|
0-0: Ground out 5-3 (Groundball, 56, EV 85.6 MPH)
|
Top of the 4th over - 3 runs, 3 hits, 0 errors, 1 left on base; Lansing 5 - Clinton 0 |
BOTTOM OF THE 4TH |
Clinton LumberKings batting - Pitching for Lansing Lugnuts : RHP Edward Saunders
|
Batting: RHB Josh Ruhl
|
0-0: Ball 1-0: Ball 2-0: Swinging Strike 2-1: Swinging Strike 2-2: Strikes out looking
|
Batting: LHB Jawad Fahad
|
0-0: Called Strike 0-1: Called Strike 0-2: Strikes out swinging
|
Batting: SHB Jose Castillo
|
0-0: Called Strike 0-1: Ground out U3 (Groundball, 34, EV 101.9 MPH)
|
Bottom of the 4th over - 0 runs, 0 hits, 0 errors, 0 left on base; Lansing 5 - Clinton 0 |
TOP OF THE 5TH |
Lansing Lugnuts batting - Pitching for Clinton LumberKings : RHP Kyle Wood
|
Batting: LHB David Ramirez
|
0-0: Fly out, F8 (Flyball, 8LD, EV 108.1 MPH)
|
Batting: RHB Takanibu Kaneshiro
|
0-0: Called Strike 0-1: Foul Ball, location: 2F 0-2: Ball 1-2: Ball 2-2: Foul Ball, location: 2F 2-2: Strikes out swinging
|
Batting: LHB Dan Martinez
|
0-0: Called Strike 0-1: Called Strike 0-2: Ball 1-2: Ball 2-2: Ground out 3-1 (Groundball, 34S, EV 66.2 MPH)
|
Top of the 5th over - 0 runs, 0 hits, 0 errors, 0 left on base; Lansing 5 - Clinton 0 |
BOTTOM OF THE 5TH |
Clinton LumberKings batting - Pitching for Lansing Lugnuts : RHP Edward Saunders
|
Batting: RHB Josh O'Neal
|
0-0: Called Strike 0-1: Swinging Strike 0-2: Foul Ball, location: 2F 0-2: Ball 1-2: Ball 2-2: Ball 3-2: Strikes out looking
|
Batting: RHB Salvador Avina
|
0-0: Called Strike 0-1: Ball 1-1: Fly out, F5 (Line Drive, 5, EV 70.0 MPH)
|
Batting: LHB Brian Butler
|
0-0: Foul Ball, location: 2F 0-1: Ball 1-1: Called Strike 1-2: Ball 2-2: Ball 3-2: Strikes out swinging
|
Bottom of the 5th over - 0 runs, 0 hits, 0 errors, 0 left on base; Lansing 5 - Clinton 0 |
TOP OF THE 6TH |
Lansing Lugnuts batting - Pitching for Clinton LumberKings : RHP Kyle Wood
|
Batting: RHB Ivan Ramirez
|
0-0: Ball 1-0: Ball 2-0: SINGLE (Groundball, 6MD, EV 111.2 MPH)
|
Batting: LHB Roger Escareno
|
0-0: Fly out, F7 (Line Drive, 7D, EV 90.0 MPH)
|
Batting: RHB Corey Davis
|
0-0: Ball 1-0: Swinging Strike 1-1: Foul Ball, location: 2F 1-2: Ball 2-2: SINGLE (Flyball, 89S, EV 91.9 MPH) Ivan Ramirez to second Runner from 2nd tries for 3rd, SAFE, throw by CF made to third
|
Batting: RHB Luis Reyes
|
0-0: Ball 1-0: Ball 2-0: Called Strike 2-1: Grounds into double play, 6-4-3 (Groundball, 6, EV 100.6 MPH)
|
Top of the 6th over - 0 runs, 2 hits, 0 errors, 1 left on base; Lansing 5 - Clinton 0 |
BOTTOM OF THE 6TH |
Clinton LumberKings batting - Pitching for Lansing Lugnuts : RHP Edward Saunders
|
Batting: RHB Rick Ellis
|
0-0: TRIPLE (Line Drive, 8LXD, EV 108.8 MPH)
|
Batting: RHB Joe Stading
|
0-0: Swinging Strike 0-1: Called Strike 0-2: Foul Ball, location: 2F 0-2: Ball 1-2: Strikes out swinging
|
Batting: LHB Jason Hopkins
|
0-0: Ball 1-0: Ball 2-0: Foul Ball, location: 2F 2-1: Ball 3-1: Foul Ball, location: 2F 3-2: Base on Balls
|
Batting: RHB Josh Ruhl
|
0-0: Called Strike 0-1: Ball 1-1: Foul Ball, location: 2F 1-2: Ball 2-2: Strikes out looking
|
Batting: LHB Jawad Fahad
|
0-0: Swinging Strike 0-1: Ball 1-1: Ball Wild Pitch! Rick Ellis scores Jason Hopkins to second 2-1: Foul Ball, location: 2F 2-2: Ball 3-2: Base on Balls
|
Batting: SHB Jose Castillo
|
0-0: Ball 1-0: Called Strike 1-1: Swinging Strike 1-2: Foul Ball, location: 2F 1-2: Ball 2-2: Foul Ball, location: 2F 2-2: 3-RUN HOME RUN (Flyball, 9D, EV 102.5 MPH), Distance : 383 ft
|
Pitching: RHP Jordan Tejeda
|
|
Batting: RHB Josh O'Neal
|
0-0: Ball 1-0: Called Strike 1-1: Ball 2-1: Foul Ball, location: 2F 2-2: Ground out 6-3 (Groundball, 56, EV 78.8 MPH)
|
Bottom of the 6th over - 4 runs, 2 hits, 0 errors, 0 left on base; Lansing 5 - Clinton 4 |
TOP OF THE 7TH |
Lansing Lugnuts batting - Pitching for Clinton LumberKings : RHP Kyle Wood
|
Batting: RHB Finn Ross
|
0-0: Fly out, F8 (Line Drive, 8RM, EV 91.2 MPH)
|
Batting: RHB Darren McCarty Jr.
|
0-0: Called Strike 0-1: Ball 1-1: Called Strike 1-2: Ball 2-2: Ball 3-2: Strikes out looking
|
Batting: LHB David Ramirez
|
0-0: Foul Ball, location: 2F 0-1: Ball 1-1: Ground out U3 (Groundball, 3, EV 90.6 MPH)
|
Top of the 7th over - 0 runs, 0 hits, 0 errors, 0 left on base; Lansing 5 - Clinton 4 |
BOTTOM OF THE 7TH |
Clinton LumberKings batting - Pitching for Lansing Lugnuts : RHP Jordan Tejeda
|
Batting: RHB Salvador Avina
|
0-0: Foul Ball, location: 2F 0-1: Swinging Strike 0-2: Ball 1-2: Strikes out swinging
|
Batting: LHB Brian Butler
|
0-0: Called Strike 0-1: Ground out 1-3 (Groundball, 15S, EV 64.4 MPH)
|
Batting: RHB Rick Ellis
|
0-0: Called Strike 0-1: Swinging Strike 0-2: Ball 1-2: Ball 2-2: Strikes out looking
|
Bottom of the 7th over - 0 runs, 0 hits, 0 errors, 0 left on base; Lansing 5 - Clinton 4 |
TOP OF THE 8TH |
Lansing Lugnuts batting - Pitching for Clinton LumberKings : RHP Kyle Wood
|
Pitching: RHP Adam Fair
|
|
Batting: RHB Takanibu Kaneshiro
|
0-0: Foul Ball, location: 2F 0-1: Ball 1-1: DOUBLE (Groundball, 3L, EV 100.6 MPH)
|
Batting: LHB Dan Martinez
|
0-0: Ball 1-0: Foul Ball, location: 2F 1-1: Ball 2-1: Swinging Strike 2-2: Strikes out swinging
|
Batting: RHB Ivan Ramirez
|
0-0: Called Strike 0-1: Ball 1-1: Called Strike 1-2: Ball 2-2: Foul Ball, location: 2F 2-2: Fly out, F4 (Flyball, 4D, EV 85.6 MPH)
|
Batting: LHB Roger Escareno
|
0-0: Ball 1-0: Ball 2-0: Fly out, F3 (Flyball, 3D, EV 90.0 MPH)
|
Top of the 8th over - 0 runs, 1 hit, 0 errors, 1 left on base; Lansing 5 - Clinton 4 |
BOTTOM OF THE 8TH |
Clinton LumberKings batting - Pitching for Lansing Lugnuts : RHP Jordan Tejeda
|
Batting: RHB Joe Stading
|
0-0: Ball 1-0: Ground out 2-3 (Groundball, 2R, EV 66.2 MPH)
|
Batting: LHB Jason Hopkins
|
0-0: Called Strike 0-1: Foul Ball, location: 2F 0-2: Foul Ball, location: 2F 0-2: Ball 1-2: Ball 2-2: Ball 3-2: Ground out 6-3 (Groundball, 56, EV 100.6 MPH)
|
Batting: RHB Josh Ruhl
|
0-0: Called Strike 0-1: Ball 1-1: Ground out 6-3 (Groundball, 56, EV 88.1 MPH)
|
Bottom of the 8th over - 0 runs, 0 hits, 0 errors, 0 left on base; Lansing 5 - Clinton 4 |
TOP OF THE 9TH |
Lansing Lugnuts batting - Pitching for Clinton LumberKings : RHP Adam Fair
|
Batting: RHB Corey Davis
|
0-0: Called Strike 0-1: Ball 1-1: SOLO HOME RUN (Flyball, 7D, EV 100.6 MPH), Distance : 398 ft
|
Batting: RHB Luis Reyes
|
0-0: Ball 1-0: Ball 2-0: Called Strike 2-1: Ball 3-1: Foul Ball, location: 2F 3-2: Foul Ball, location: 2F 3-2: Base on Balls
|
Batting: RHB Finn Ross
|
0-0: Ball 1-0: Bunted foul 1-1: Bunt missed! 1-2: Foul Ball, location: 2F 1-2: Fly out, F9 (Flyball, 9, EV 86.9 MPH)
|
Batting: RHB Darren McCarty Jr.
|
0-0: Ball Luis Reyes steals 2nd base (no throw) 1-0: Called Strike Luis Reyes steals 3rd, throwing error, E2 Luis Reyes scores 1-1: Swinging Strike 1-2: Fly out, F8 (Flyball, 8RD, EV 90.0 MPH)
|
Batting: LHB David Ramirez
|
0-0: Called Strike 0-1: Ball 1-1: Ball 2-1: SOLO HOME RUN (Flyball, 89XD, EV 116.2 MPH), Distance : 448 ft
|
Batting: RHB Takanibu Kaneshiro
|
0-0: Ball 1-0: Ball 2-0: Called Strike 2-1: Ground out 5-3 (Groundball, 5L, EV 101.2 MPH)
|
Top of the 9th over - 3 runs, 2 hits, 1 error, 0 left on base; Lansing 8 - Clinton 4 |
BOTTOM OF THE 9TH |
Clinton LumberKings batting - Pitching for Lansing Lugnuts : RHP Jordan Tejeda
|
Pitching: RHP Germano Nunes
|
|
Batting: LHB Jawad Fahad
|
0-0: Ball 1-0: Foul Ball, location: 2F 1-1: Ball 2-1: Ball 3-1: Called Strike 3-2: Foul Ball, location: 2F 3-2: Base on Balls
|
Batting: SHB Jose Castillo
|
0-0: Ball 1-0: Ball 2-0: SINGLE (Line Drive, 8RS, EV 96.2 MPH) Jawad Fahad to second
|
Pinch Hitting: LHB William Warren
|
0-0: Ball 1-0: Foul Ball, location: 2F 1-1: Foul Ball, location: 2F 1-2: Ball 2-2: Foul Ball, location: 2F 2-2: 3-RUN HOME RUN (Flyball, 7LD, EV 92.5 MPH), Distance : 359 ft
|
Pitching: RHP Andres Lozano
|
|
Batting: RHB Salvador Avina
|
0-0: Foul Ball, location: 2F 0-1: Ball 1-1: Ball 2-1: DOUBLE (Line Drive, 89XD, EV 104.4 MPH)
|
Batting: LHB Brian Butler
|
0-0: SINGLE (Groundball, 25, EV 71.2 MPH) (infield hit) Salvador Avina to third
|
Batting: RHB Rick Ellis
|
0-0: Ball 1-0: Ball 2-0: Ground out 5-3 (Groundball, 56, EV 84.4 MPH) Brian Butler to second
|
Batting: RHB Joe Stading
|
0-0: Ball 1-0: Called Strike 1-1: Ground out 4-3 (Groundball, 4, EV 86.9 MPH)
|
Batting: LHB Jason Hopkins
|
0-0: Called Strike 0-1: Called Strike 0-2: Ball 1-2: Ball 2-2: Ball 3-2: Foul Ball, location: 2F 3-2: Ground out 6-3 (Groundball, 6, EV 85.6 MPH)
|
Bottom of the 9th over - 3 runs, 4 hits, 0 errors, 2 left on base; Lansing 8 - Clinton 7 |
|